 Dungeon Crawl Stone Soup version 0.32-a0-630-g46d191b0ed (webtiles) character file.

Game seed: 13323681596799017161

1981 yoshimanden the Cudgeller (level 9, -7/68 HPs)
             Began as a Coglin Gladiator on Mar 6, 2024.
             Mangled by an ice beast (11 damage)
             ... on level 6 of the Dungeon.
             The game lasted 00:23:18 (5075 turns).

yoshimanden the Cudgeller (Coglin Gladiator)        Turns: 5075, Time: 00:23:18

Health: -7/68      AC:  6    Str: 16    XL:     9   Next: 20%
Magic:  9/9        EV: 13    Int:  8    God:
Gold:   284        SH:  0    Dex: 18    Spells: 8/8 levels left

rFire   . . .        a - +1 long sword (freeze) {Qiuyue}
rCold   . . .        i - +1 whip (drain) {Suthep}
rNeg    . . .        s - +0 ring mail
rPois   .            c - +0 helmet
rElec   .            (no cloak)
rCorr   .            (no gloves)
SInv    .            (no boots)
Will    .....        (amulet unavailable)
Stlth   +            (ring unavailable)
HPRegen 0.31/turn    (ring unavailable)
MPRegen 0.11/turn    (no gizmo)

%: no passive effects
@: about to teleport
A: off-hand wielding, slow wielding, warmup strikes, no jewellery
a: Invent Gizmo


You were on level 6 of the Dungeon.
You visited 1 branch of the dungeon, and saw 6 of its levels.
You also visited: Ossuary.

You collected 284 gold pieces.

Inventory:

Hand Weapons
 a - a +1 long sword of freezing (weapon) {Qiuyue}
 f - a +0 dagger {Kyogo}
 i - a +1 whip of draining (offhand) {Suthep}
Missiles
 d - 3 throwing nets
 y - a javelin (quivered)
Armour
 b - a +0 leather armour
 c - a +0 helmet (worn)
 s - a +0 ring mail (worn)
Jewellery
 m - a ring of positive energy
Talismans
 j - a blade talisman
Wands
 p - a wand of warping (10)
Scrolls
 g - a scroll of amnesia
 n - 2 scrolls of blinking
 o - 2 scrolls of enchant armour {unknown}
 q - a scroll of vulnerability
 r - a scroll of noise
 w - a scroll of teleportation
 z - a scroll of identify
Potions
 h - a potion of attraction
 k - a potion of lignification
 l - 2 potions of mutation {unknown}
 t - a potion of ambrosia {unknown}
 u - a potion of brilliance {unknown}
 v - a potion of degeneration {unknown}
 x - 2 potions of cancellation {unknown}


   Skills:
 + Level 5.6 Fighting
 - Level 0.6(3.5) Short Blades
 + Level 6.1(6.2) Long Blades
 * Level 6.5 Maces & Flails
 - Level 1.7 Throwing
 + Level 5.4 Dodging


You had 8 spell levels left.
You didn't know any spells.
Your spell library contained the following spells:

 Spells                   Type           Power      Damage    Failure   Level
 Stone Arrow              Conj/Erth      0%         3d7       94%         3
 Animate Armour           Summ/Erth      0%         N/A       100%        4
 Lehudib's Crystal Spear  Conj/Erth      0%         10d2      100%        8


Dungeon Overview and Level Annotations

Branches:
Dungeon (6/15)             Temple (0/1) D:4         Ossuary (visited)

Altars:
Cheibriados
Hepliaklqana
Kikubaaqudgha
Makhleb

Shops:
D:5 *


Innate Abilities, Weirdness & Mutations

You can wield a second weapon in your off-hand.
It takes a long time for you to wield or remove held weapons.
Your first few attacks do less damage.
You cannot equip rings or amulets.


Message History

The gnoll hits you with a +0 club.
The gnoll hits you from afar with a +0 spear.
* * * LOW HITPOINT WARNING * * *
The phantom closely misses you. The gnoll completely misses you.
You closely miss the phantom with your +1 whip of draining.
The phantom is heavily damaged.
You slash the phantom with your +1 long sword of freezing!
You freeze the phantom.
You destroy the phantom!
The gnoll is no longer moving quickly. x3; The gnoll hits you with a +0 club!
* * * LOW HITPOINT WARNING * * *
The gnoll closely misses you. The gnoll hits you but does no damage.
The gnoll hits you with a +0 club!
* * * LOW HITPOINT WARNING * * *
The gnoll hits you but does no damage. The gnoll barely misses you.
You slash the gnoll with your +1 long sword of freezing!
You freeze the gnoll.
You kill the gnoll!
The gnoll hits you with a +0 club.
* * * LOW HITPOINT WARNING * * *
The gnoll hits you from afar with a +0 spear.
* * * LOW HITPOINT WARNING * * *
Blink to where?
Press: ? - help, Q - select action, (/) - cycle Dir - move target
As you read the scroll of blinking, it crumbles to dust.
Found a smoky red potion.
A gnoll is nearby!
An ice beast comes into view.
The ice beast misses you.
You closely miss the ice beast with your +1 whip of draining.
You hit the ice beast but do no damage.
The ice beast hits you but does no damage.
Found a wand of warping (6).
As you read the scroll of teleportation, it crumbles to dust.
You feel strangely unstable.
The ice beast attacks as it pursues you!
The ice beast hits you.
* * * LOW HITPOINT WARNING * * *
The ice beast freezes you!
You die...

######## #......#
#......# #.@Y...#
#......#
#.!....########
#..............
#.....g.....#
#.......###../
#.......g.########
####.####........##
# #.# ######g....


You could see an ice beast and 2 gnolls.

Vanquished Creatures
  Prince Ribbit (D:5)
  Grinder (D:3)
  2 black bears (D:4)
  A centaur (D:6)
  2 phantoms
  3 elf zombies (Ossuary)
  Blork the orc (D:5)
  3 scorpions
  A howler monkey (D:5)
  2 bombardier beetles
  A centaur zombie (Ossuary)
  2 hounds (D:5)
  A jelly (D:5)
  2 gnoll boudas (D:6)
  A human zombie (Ossuary)
  An iguana (D:5)
  Ijyb (D:5)
  A sleepcap (D:6)
  2 hound zombies (Ossuary)
  2 mummies (Ossuary)
  6 adders
  12 gnolls
  A shadow imp (D:5)
  2 white imps (D:5)
  3 adder zombies (Ossuary)
  3 ribbon worms
  3 dart slugs
  2 orcs
  5 ball pythons
  5 bats
  13 endoplasms
  4 giant cockroaches
  6 gnoll zombies (Ossuary)
  6 goblins
  2 jackals (D:2)
  3 quokkas
  6 frilled lizards
  5 jackal zombies (Ossuary)
  3 kobolds
  7 kobold zombies (Ossuary)
  9 orc zombies (Ossuary)
  11 rats
148 creatures vanquished.

Notes
Turn   | Place    | Note
-------+----------+-------------------------------------------
     0 | D:1      | yoshimanden the Coglin Gladiator began the quest for the
                  | Orb.
     0 | D:1      | Reached XP level 1. HP: 16/16 MP: 1/1
   448 | D:1      | Found a faded altar of an unknown god.
   514 | D:1      | Reached XP level 2. HP: 5/22 MP: 2/2
  1202 | D:2      | Reached XP level 3. HP: 22/28 MP: 3/3
  1310 | D:2      | Reached skill level 1 in Maces & Flails
  1446 | D:2      | Reached XP level 4. HP: 30/34 MP: 4/4
  2016 | D:3      | Found a hazy altar of Hepliaklqana.
  2025 | D:3      | Reached XP level 5. HP: 30/40 MP: 5/5
  2238 | D:3      | Noticed Grinder
  2266 | D:3      | Paralysed by Grinder for 5 turns
  2274 | D:3      | Killed Grinder
  2275 | D:3      | Reached XP level 6. HP: 15/47 MP: 6/6
  2775 | D:4      | Noticed a black bear
  2781 | D:4      | Killed a black bear
  2782 | D:4      | Reached XP level 7. HP: 50/52 MP: 7/7
  2795 | D:4      | Found a staircase to the Ecumenical Temple.
  3002 | D:4      | Found a sand-covered staircase.
  3011 | Ossuary  | Entered an ossuary
  3168 | Ossuary  | Reached skill level 5 in Long Blades
  3185 | Ossuary  | Reached XP level 8. HP: 17/61 MP: 8/8
  3837 | D:5      | Entered Level 5 of the Dungeon
  3883 | D:5      | Found a burning altar of Makhleb.
  3931 | D:5      | Reached skill level 5 in Maces & Flails
  4063 | D:5      | Noticed Ijyb
  4065 | D:5      | Noticed Prince Ribbit
  4066 | D:5      | Found a snail-covered altar of Cheibriados.
  4066 | D:5      | Noticed Blork the orc
  4077 | D:5      | Killed Ijyb
  4086 | D:5      | Killed Blork the orc
  4099 | D:5      | Killed Prince Ribbit
  4100 | D:5      | Reached skill level 5 in Fighting
  4100 | D:5      | Reached skill level 5 in Dodging
  4409 | D:5      | Found an ancient bone altar of Kikubaaqudgha.
  4488 | D:5      | Found Tynuq's General Store.
  4808 | D:6      | Reached XP level 9. HP: 39/68 MP: 9/9
  5057 | D:6      | HP: 2/68 [gnoll/+0 club[a gnoll bouda] (4)]
  5075 | D:6      | Mangled by an ice beast

Illustrated notes

Levels and vault maps discovered:
D:1:      matt_arrival_diagonals, layout_basic,
          shapermc_ecumenical_altar_mp_vishouse, serial_forest,
          infiniplex_forest_straight_5, infiniplex_forest_corner_2,
          infiniplex_forest_clump_C, infiniplex_forest_end_double,
          infiniplex_forest_clump_diagonal, infiniplex_forest_lined_3,
          infiniplex_forest_clump_C, infiniplex_forest_end_1,
          infiniplex_forest_diagonal, infiniplex_forest_straight_1, hex_tiny,
          minmay_misc_feat_doors
D:2:      layout_basic, palyth_stone_intersect, minmay_nonomino_d4
D:3:      layout_loops_cross, old_standard_altar, uniq_grinder
D:4:      layout_cave_pools, minmay_temple_entry_stoned_glass,
          serial_column_ruins, column_ruins_hut, column_ruins_hut,
          column_ruins_open_tiny, column_ruins_open_small,
          column_ruins_open_small, chequers_ossuary_entry_cave
D:5:      cheibrodos_quashed, layout_loops_ring, lemuel_doored_altar,
          mainiacjoe_overflow_small_starburst, lemuel_crystal_altar,
          serial_shops, shop, uniq_prince_ribbit1, uniq_blork_the_orc, uniq_ijyb
D:6:      cheibrodos_thug_alley, layout_rooms, minmay_between

Skill      XL: |  1  2  3  4  5  6  7  8  9 |
---------------+----------------------------+-----
Dodging        | 3 4 5 |  5.4
Maces & Flails | 1 2 3 4 6 |  6.5
Fighting       | 3 4 5 |  5.6
Long Blades    | 4 5 6 |  6.1
Short Blades   | |  0.6
Throwing       | |  1.7

Action                     |  1- 3 |  4- 6 |  7- 9 || total
---------------------------+-------+-------+-------++-------
  Melee: Long sword        |   192 |    65 |   244 ||   501
         Dagger            |   151 |       |       ||   151
         Whip              |    34 |    71 |   227 ||   332
  Throw: Javelin           |       |       |     3 ||     3
    Use: Scroll            |     6 |     3 |     8 ||    17
         Potion            |     2 |     3 |     4 ||     9
   Stab: Sleeping          |     1 |       |       ||     1
 Armour: Leather armour    |    46 |     4 |       ||    50
         Ring mail         |       |    29 |   196 ||   225
  Dodge: Dodged            |    42 |    40 |   167 ||   249

Table legend: (Time is in decaauts)
 A = Elapsed time spent in this place.
 B = Non-inter-level travel time spent in this place.
 C = Inter-level travel time spent in this place.
 D = Time resting spent in this place.
 E = Time spent auto-exploring this place.
 F = Levels seen in this place.
 G = Mean time per level.
                   A        B        C        D        E       F      G
               +--------+--------+--------+--------+--------+-----+--------+
         Total |   5064 |   4024 |   1040 |    559 |   2206 |   7 |  723.4 |
       Dungeon |   4596 |   3556 |   1040 |    429 |   2206 |   6 |  766.0 |
       Ossuary |    467 |    467 |      0 |    130 |      0 |   1 |  467.0 |
               +--------+--------+--------+--------+--------+-----+--------+

Top non-repeatable levels by time:
     D:1: 1197 daAuts
     D:5: 898 daAuts
     D:3: 844 daAuts
     D:2: 698 daAuts
     D:4: 660 daAuts
 Ossuary: 467 daAuts
     D:6: 296 daAuts
